Map: Misty Swamp

Players

JetSuperUser

  • Race: Terran Terran
  • Spawn Location: 12:00

NEO

  • Race: Protoss Protoss
  • League: Platinum
  • Spawn Location: 3:00

OnePlane

  • Race: Terran Terran
  • Spawn Location: 3:00

samanaXZ - Winner!

  • Race: Terran Terran
  • Spawn Location: 9:00

marbratiger - Winner!

  • Race: Protoss Protoss
  • Spawn Location: 9:00

Metasapien - Winner!

  • Race: Zerg Zerg
  • League: Platinum
  • Spawn Location: 12:00

VOD

Have the link to the VOD?

Description

Time

  • Played on: Sept. 24, 2017, 6:15 p.m.
  • Length: 12:50
Show
View Real Time Build Order
Export as new Build Order

JetSuperUser Terran 

Build Orders:  

Get SALT Encoding   

  12  0:01  SCV  
  13  0:13  SCV  
  14  0:18  Supply Depot  
  14  0:25  SCV  
  15  0:40  SCV  
  15  0:41  Barracks  
  16  0:52  SCV  
  17  1:04  SCV  
  18  1:16  SCV  
  19  1:28  Marine  
  19  1:29  Orbital Command  
  20  1:37  Command Center  
  20  1:46  Marine  
  21  1:50  Supply Depot  
  21  1:58  Barracks, SCV  
  22  2:06  Barracks  
  22  2:09  Marine  
  22  2:12  SCV  
  24  2:28  Refinery  
  24  2:29  Refinery  
  24  2:33  Barracks  
  24  2:36  Barracks  
  24  2:45  SCV  
  24  2:47  Engineering Bay  
  24  2:48  Marine  
  26  2:57  Orbital Command, SCV  
  27  3:13  Missile Turret  
  27  3:16  SCV  
  27  3:18  Barracks Tech Lab  
  28  3:25  Barracks Tech Lab  
  28  3:27  Barracks Reactor  
  28  3:28  SCV  
  28  3:29  SCV  
  30  3:34  Marine  
  30  3:40  SCV  
  32  3:49  SCV  
  32  3:52  SCV  
  34  4:12  Command Center  
  27  4:50  Supply Depot x2  
  27  5:25  Planetary Fortress  
  27  5:31  Barracks x2  
  27  5:33  Barracks  
  27  5:36  Missile Turret  
  26  6:17  SCV  
  27  6:29  SCV  
  26  6:41  SCV  
  27  7:35  Marine x3  
  30  7:41  Supply Depot  
  30  7:43  Supply Depot  
  30  7:52  Marine  
  30  7:53  Marine x2  
  33  8:04  Supply Depot  
  33  8:07  Supply Depot  
  33  8:10  Marine x2  
  33  8:11  Marine  
  36  8:28  Marine x2  
  38  9:20  Refinery  
  38  9:22  Refinery  
  27  9:43  Marine x2  
  27  9:44  Marine  
  30  10:01  Marine x3  
  33  10:19  Marine x3  
  36  10:23  Engineering Bay  
  36  10:37  Marine x2  
  38  11:52  Marine x2  
  38  11:53  Marine  
  41  12:01  Missile Turret  
  37  12:02  Missile Turret x2  
  29  12:10  Marine x3  
  19  12:28  Marine x3  
Show
View Real Time Build Order
Export as new Build Order

NEO Protoss 

Build Orders:  

Get SALT Encoding   

  12  0:02  Probe (Chrono Boost)  
  13  0:13  Probe (Chrono Boost)  
  14  0:18  Pylon  
  14  0:25  Probe (Chrono Boost)  
  15  0:37  Probe (Chrono Boost)  
  15  0:42  Gateway  
  16  0:47  Probe (Chrono Boost)  
  17  0:58  Probe (Chrono Boost)  
  17  0:59  Assimilator  
  18  1:07  Gateway  
  18  1:10  Probe (Chrono Boost)  
  19  1:24  Probe (Chrono Boost)  
  20  1:28  Assimilator  
  20  1:30  Zealot  
  22  1:35  Cybernetics Core  
  22  1:45  Probe (Chrono Boost)  
  23  2:14  Nexus  
  23  2:28  Pylon  
  23  2:35  Stargate  
  23  2:40  Pylon  
  23  3:01  Pylon  
  23  3:09  Probe (Chrono Boost)  
  24  3:17  Stargate  
  24  3:19  Probe (Chrono Boost)  
  25  3:20  Pylon  
  25  3:28  Probe (Chrono Boost)  
  25  3:30  Probe (Chrono Boost)  
  27  3:38  Probe (Chrono Boost)  
  27  3:40  Probe (Chrono Boost)  
  29  3:50  Nexus  
  29  3:55  Probe x2 (Chrono Boost)  
  31  4:02  Pylon  
  33  4:17  Mothership Core (Chrono Boost)  
  33  4:30  Void Ray (Chrono Boost)  
  33  4:31  Void Ray (Chrono Boost)  
  41  4:42  Probe, Forge  
  41  4:43  Probe  
  43  4:51  Stalker x2 (Chrono Boost)  
  47  4:54  Probe  
  47  4:55  Probe  
  47  4:57  Pylon  
  49  5:07  Probe  
  50  5:20  Photon Cannon  
  50  5:22  Photon Cannon  
  50  5:23  Photon Cannon  
  49  5:37  Zealot (Chrono Boost)  
  49  5:39  Zealot (Chrono Boost)  
  49  5:40  Pylon  
  57  5:46  Void Ray (Chrono Boost)  
  57  5:48  Pylon  
  57  5:58  Void Ray (Chrono Boost)  
  57  6:03  Probe  
  61  6:05  Probe x2  
  61  6:08  Assimilator  
  64  6:12  Photon Cannon  
  64  6:14  Photon Cannon  
  71  6:47  Void Ray (Chrono Boost)  
  71  6:51  Void Ray (Chrono Boost)  
  63  7:13  Pylon  
  63  7:28  Stargate x2  
  63  7:29  Pylon  
  63  7:34  Pylon, Stargate  
  63  7:36  Pylon  
  61  7:40  Pylon  
  61  7:45  Pylon  
  55  8:02  Probe (Chrono Boost)  
  55  8:03  Probe (Chrono Boost)  
  57  8:07  Pylon  
  57  8:13  Probe (Chrono Boost)  
  57  8:15  Probe (Chrono Boost)  
  59  8:23  Probe (Chrono Boost)  
  61  8:28  Probe (Chrono Boost)  
  61  8:37  Robotics Facility  
  61  8:40  Probe x2 (Chrono Boost)  
  59  8:50  Probe (Chrono Boost)  
  59  9:00  Void Ray (Chrono Boost), Probe (Chrono Boost)  
  80  9:04  Void Ray (Chrono Boost)  
  80  9:05  Void Ray x3 (Chrono Boost)  
  80  9:10  Probe, Robotics Facility  
  80  9:11  Pylon  
  80  9:14  Pylon  
  81  9:20  Probe  
  82  9:34  Probe  
  82  9:37  Observer (Chrono Boost)  
  84  9:43  Void Ray (Chrono Boost)  
  84  9:45  Void Ray (Chrono Boost)  
  92  9:46  Probe  
  93  9:54  Observer (Chrono Boost)  
  93  9:58  Probe  
  93  9:59  Void Ray (Chrono Boost)  
  99  10:10  Probe  
  99  10:12  Observer  
  101  10:23  Probe  
  102  10:39  Photon Cannon  
  102  10:40  Photon Cannon  
  106  10:58  Void Ray (Chrono Boost)  
  106  11:01  Void Ray (Chrono Boost)  
  106  11:03  Void Ray x2 (Chrono Boost)  
  96  11:25  Phoenix (Chrono Boost)  
  92  11:38  Phoenix (Chrono Boost)  
  92  11:39  Phoenix (Chrono Boost)  
  66  11:50  Photon Cannon x2  
  66  11:54  Photon Cannon  
  54  12:10  Pylon  
  48  12:27  Pylon  
  42  12:31  Forge  
Show
View Real Time Build Order
Export as new Build Order

OnePlane Terran 

Build Orders:  

Get SALT Encoding   

  12  0:04  SCV  
  13  0:17  SCV  
  14  0:26  Supply Depot  
  14  0:43  SCV  
  14  0:49  Refinery  
  15  0:51  Refinery  
  15  0:53  Barracks  
  15  0:55  SCV  
  16  1:12  Engineering Bay  
  16  1:25  SCV  
  17  1:37  SCV  
  18  1:40  Supply Depot  
  18  1:41  Supply Depot  
  18  1:49  SCV  
  20  2:01  SCV  
  20  2:12  Factory  
  20  2:13  SCV  
  21  2:23  Marine  
  21  2:24  Bunker  
  21  2:25  SCV  
  23  2:37  SCV  
  23  2:40  Missile Turret  
  23  2:41  Marine  
  25  2:49  SCV  
  26  2:59  Marine  
  26  3:01  SCV  
  26  3:02  Factory  
  28  3:16  Orbital Command, Marine  
  29  3:44  Command Center  
  29  3:50  Factory Tech Lab x2  
  29  3:57  Armory  
  29  4:11  Widow Mine  
  29  4:12  Siege Tank  
  34  4:58  Widow Mine  
  30  5:27  Widow Mine  
Show
View Real Time Build Order
Export as new Build Order

samanaXZ Terran - Winner!

Build Orders:  

Get SALT Encoding   

  12  0:01  SCV  
  13  0:13  SCV  
  14  0:21  Supply Depot  
  14  0:25  SCV  
  15  0:43  SCV  
  15  0:48  Barracks  
  16  0:55  SCV  
  17  1:23  Barracks x2  
  17  1:26  Barracks  
  17  1:28  Supply Depot  
  17  1:35  Marine  
  18  1:42  Orbital Command  
  18  1:53  Marine  
  19  2:04  Supply Depot  
  19  2:11  Marine  
  19  2:12  Marine x2  
  19  2:13  Marine  
  23  2:29  Marine x2  
  24  2:30  Marine  
  24  2:31  Marine  
  27  2:39  Supply Depot  
  27  2:47  Marine x2  
  27  2:48  Marine x2  
  31  3:04  Marine  
  31  3:05  Marine  
  32  3:06  Marine x2  
  35  3:21  Supply Depot  
  35  3:22  Marine  
  35  3:23  Marine x2  
  35  3:24  Engineering Bay, Marine  
  39  3:40  Marine  
  39  3:41  Marine x2  
  41  3:42  Marine  
  43  3:58  Marine x2  
  43  3:59  Marine  
  43  4:00  Marine  
  45  4:45  Marine x4  
  49  5:03  Marine  
  36  5:28  Marine x3  
  36  5:29  Marine  
  40  5:46  Marine x4  
  44  5:50  SCV  
  45  6:04  Marine x3  
  46  6:56  Marine x3  
  46  6:58  SCV  
  50  7:10  SCV  
  25  7:57  Refinery  
  23  7:59  Refinery  
  23  8:11  SCV  
  24  8:20  Supply Depot  
  24  8:23  SCV  
  25  8:30  Command Center  
  25  8:31  Refinery, Command Center  
  25  8:35  SCV  
  25  8:37  Refinery  
  26  8:46  Barracks Reactor  
  26  8:47  SCV, Barracks Reactor  
  27  8:59  SCV  
  28  9:04  Factory  
  28  9:11  SCV  
  29  9:23  SCV  
  30  9:26  Supply Depot  
  30  9:35  SCV  
  31  9:47  SCV  
  31  9:49  Supply Depot  
  33  10:00  SCV  
  33  10:04  Starport x2  
  33  10:06  Starport  
  33  10:07  SCV x2  
  33  10:11  Supply Depot  
  33  10:12  SCV  
  36  10:19  SCV  
  37  10:30  SCV  
  37  10:33  Supply Depot  
  37  10:34  Orbital Command  
  39  10:36  Orbital Command  
  39  10:42  SCV  
  39  10:50  Viking x4  
  39  10:51  Viking  
  49  11:20  Viking x5  
  59  11:50  Viking x4  
  67  11:56  Barracks Tech Lab  
  67  11:57  Marine  
  67  11:58  Marine x2  
  70  12:08  Armory  
  70  12:11  SCV x2, Supply Depot  
  70  12:14  Viking  
  74  12:15  Marine x2  
  74  12:16  Marine  
  74  12:20  Viking  
Show
View Real Time Build Order
Export as new Build Order

marbratiger Protoss - Winner!

Build Orders: Nexus First, Phoenix Opening 

Get SALT Encoding   

  12  0:10  Probe (Chrono Boost)  
  13  0:20  Probe (Chrono Boost)  
  13  0:21  Pylon  
  14  0:31  Probe (Chrono Boost)  
  15  0:47  Probe (Chrono Boost)  
  16  0:59  Nexus  
  16  1:12  Gateway  
  16  1:15  Probe (Chrono Boost)  
  17  1:25  Probe (Chrono Boost)  
  18  1:26  Assimilator  
  18  1:31  Assimilator  
  18  1:36  Probe (Chrono Boost)  
  19  1:44  Pylon  
  19  1:46  Probe (Chrono Boost)  
  20  2:03  Zealot  
  20  2:04  Cybernetics Core  
  22  2:14  Forge  
  22  2:17  Probe (Chrono Boost)  
  22  2:22  Probe (Chrono Boost)  
  24  2:27  Probe (Chrono Boost)  
  25  2:33  Zealot  
  27  2:50  Probe (Chrono Boost), Stargate  
  28  2:56  Probe (Chrono Boost)  
  29  3:01  Probe (Chrono Boost)  
  30  3:06  Zealot  
  30  3:07  Probe (Chrono Boost)  
  30  3:12  Probe (Chrono Boost)  
  34  3:17  Probe (Chrono Boost)  
  35  3:23  Probe (Chrono Boost)  
  36  3:27  Twilight Council  
  36  3:32  Pylon  
  36  3:33  Probe (Chrono Boost)  
  37  3:40  Phoenix  
  39  3:53  Probe (Chrono Boost)  
  40  4:01  Stargate  
  40  4:03  Zealot  
  40  4:04  Probe (Chrono Boost)  
  43  4:11  Phoenix  
  43  4:14  Pylon  
  45  4:21  Probe (Chrono Boost)  
  46  4:32  Probe (Chrono Boost), Zealot  
  46  4:35  Pylon  
  49  4:45  Charge  
  49  4:52  Nexus  
  49  4:57  Probe (Chrono Boost)  
  49  4:59  Assimilator x2  
  50  5:03  Phoenix  
  50  5:06  Zealot  
  54  5:07  Probe (Chrono Boost)  
  54  5:12  Phoenix  
  57  5:16  Probe (Chrono Boost)  
  57  5:18  Probe (Chrono Boost)  
  59  5:27  Probe (Chrono Boost)  
  60  5:46  Zealot  
  60  5:47  Phoenix x2  
  66  5:52  Probe (Chrono Boost), Assimilator  
  66  5:53  Probe (Chrono Boost)  
  68  6:02  Probe (Chrono Boost)  
  68  6:03  Probe (Chrono Boost)  
  70  6:13  Probe (Chrono Boost)  
  70  6:14  Probe (Chrono Boost)  
  70  6:17  Zealot  
  70  6:18  Phoenix x2  
  78  6:24  Probe (Chrono Boost)  
  79  6:32  Probe (Chrono Boost)  
  80  6:34  Probe (Chrono Boost)  
  80  6:35  Probe (Chrono Boost)  
  82  6:45  Probe (Chrono Boost)  
  83  6:55  Probe (Chrono Boost)  
  70  7:14  Phoenix  
  70  7:15  Phoenix  
  74  7:19  Probe (Chrono Boost)  
  74  7:20  Probe (Chrono Boost), Stargate  
  74  7:21  Fleet Beacon  
  76  7:24  Assimilator  
  76  7:30  Probe x2 (Chrono Boost)  
  76  7:32  Protoss Air Weapons Level 1  
  76  7:34  Pylon  
  78  7:39  Stargate  
  78  7:40  Probe (Chrono Boost)  
  78  7:41  Pylon  
  78  7:42  Phoenix  
  78  7:43  Phoenix  
  83  7:46  Pylon  
  83  8:05  Phoenix  
  85  8:07  Anion Pulse-Crystals  
  85  8:10  Cybernetics Core  
  85  8:12  Stargate  
  85  8:13  Phoenix x2  
  89  8:30  Phoenix  
  89  8:31  Phoenix  
  93  8:41  Phoenix  
  93  8:42  Phoenix  
  97  8:48  Protoss Air Armor Level 1  
  97  8:58  Phoenix x3  
  103  9:12  Probe (Chrono Boost)  
  103  9:13  Probe (Chrono Boost)  
  105  9:20  Phoenix x2  
  109  9:28  Pylon  
  109  9:31  Pylon  
  109  9:34  Pylon  
  109  9:36  Pylon  
  109  9:41  Pylon  
  109  9:44  Pylon  
  109  9:45  Protoss Air Weapons Level 2  
  109  9:46  Probe x2 (Chrono Boost), Phoenix x3  
  109  9:50  Phoenix x2  
  121  10:04  Photon Cannon  
  121  10:11  Photon Cannon  
  121  10:15  Photon Cannon  
  121  10:18  Phoenix  
  121  10:19  Phoenix x4  
  131  10:29  Photon Cannon  
  121  11:01  Phoenix x3  
  121  11:02  Phoenix x2  
  119  11:48  Nexus  
  127  12:50  Nexus  
Show
View Real Time Build Order
Export as new Build Order

Metasapien Zerg - Winner!

Build Orders: Pool First 

Get SALT Encoding   

  12  0:01  Drone  
  13  0:14  Overlord  
  13  0:38  Spawning Pool  
  13  0:41  Drone x2  
  14  1:08  Hatchery  
  13  1:11  Drone  
  13  1:15  Extractor  
  13  1:17  Drone  
  14  1:22  Drone  
  15  1:30  Drone  
  16  1:34  Extractor  
  16  1:35  Drone  
  16  1:47  Drone  
  17  1:56  Roach Warren  
  16  2:02  Drone  
  16  2:07  Drone  
  18  2:16  Drone  
  18  2:22  Drone  
  20  2:36  Lair  
  20  2:42  Drone x2  
  22  2:47  Drone  
  22  2:48  Drone  
  24  3:14  Drone  
  24  3:15  Hatchery  
  24  3:16  Drone  
  25  3:22  Drone  
  25  3:26  Overlord  
  26  3:36  Infestation Pit  
  25  3:58  Queen  
  25  4:00  Queen  
  25  4:01  Hydralisk Den, Drone x2  
  30  4:03  Drone  
  30  4:06  Drone  
  30  4:08  Drone  
  33  4:17  Drone  
  33  4:18  Drone  
  35  4:25  Spore Crawler  
  34  4:31  Drone, Nydus Network  
  34  4:35  Drone x2  
  36  4:41  Queen  
  36  4:44  Overlord  
  38  4:52  Drone x2  
  40  4:55  Overlord  
  40  5:01  Drone  
  41  5:09  Swarm Host, Zergling x4  
  55  5:17  Burrow  
  55  5:19  Drone  
  55  5:20  Drone  
  57  5:31  Overlord x2  
  57  5:36  Overseer  
  57  5:37  Overseer  
  60  5:52  Overlord x2  
  66  6:01  Nydus Canal  
  66  6:05  Drone x2  
  66  6:06  Drone x4  
  66  6:07  Drone  
  66  6:08  Extractor  
  66  6:10  Extractor  
  71  6:11  Extractor  
  71  6:15  Extractor  
  69  6:53  Drone x2  
  69  6:54  Drone x2  
  81  6:55  Drone x4  
  81  6:56  Drone  
  87  7:03  Drone  
  87  7:04  Overlord  
  87  7:05  Overlord x2  
  87  7:06  Hatchery  
  87  7:13  Spore Crawler  
  87  7:15  Zergling x6  
  89  7:42  Overlord x4  
  92  7:50  Drone  
  92  7:51  Drone x2  
  95  7:52  Drone x3  
  95  7:56  Drone  
  95  7:57  Drone x3  
  102  8:02  Extractor  
  101  8:06  Queen, Extractor  
  101  8:08  Pneumatized Carapace  
  102  8:13  Spine Crawler  
  101  8:26  Swarm Host  
  128  8:41  Queen  
  130  8:50  Overlord x3  
  130  8:51  Hydralisk x4  
  130  8:52  Hydralisk x3  
  144  9:03  Evolution Chamber  
  144  9:04  Evolution Chamber  
  142  9:14  Hydralisk x3  
  142  9:15  Overlord x3, Hydralisk  
  142  9:16  Overlord  
  150  9:42  Drone x3  
  153  10:00  Zergling x10  
  153  10:03  Hive  
  158  10:08  Zerg Missile Weapons Level 1  
  158  10:09  Zerg Ground Armor Level 1  
  158  10:16  Spire, Overseer  
  157  10:32  Overseer  
  157  10:39  Nydus Canal  
  157  10:47  Hydralisk x2  
  157  10:48  Hydralisk x6  
  157  10:49  Hydralisk x3  
  178  10:50  Hydralisk x6  
  178  10:51  Hydralisk x2  
  190  11:30  Hydralisk x5  
  200  11:43  Nydus Canal  
Tags
 
Add a new tag
Caveats
  • Supply blocks, unpowered buildings, or Contaminate may cause inaccurate times.
  • Supply counts are checked every 10 seconds.